 Dungeon Crawl Stone Soup version 0.21.0-3-g78d12a8 (console) character file.

17971 ahub the Unseen (level 12, -1/61 HPs)
             Began as a Spriggan Assassin on Jan 9, 2018.
             Was a High Priest of Wu Jian.
             Slain by a komodo dragon (14 damage)
             ... on level 2 of the Lair of Beasts.
             The game lasted 00:53:01 (13527 turns).

ahub the Unseen (Spriggan Assassin)                Turns: 13527, Time: 00:53:02

Health: -1/61      AC:  6    Str:  7    XL:     12   Next: 23%
Magic:  13/13      EV: 35    Int: 13    God:    Wu Jian [*****.]
Gold:   384        SH:  0    Dex: 22    Spells: 11/11 levels left

rFire    . . .     SeeInvis +   b - +4 dagger (freeze)
rCold    + . .     Gourm    .   (shield restricted)
rNeg     . . .     Faith    .   G - +2 robe {rC+}
rPois    .         Spirit   .   (helmet restricted)
rElec    .         Reflect  .   d - +1 cloak
rCorr    +         Harm     .   (gloves unavailable)
MR       ++...                  (boots unavailable)
Stlth    +++++++...             B - amulet of regeneration
HPRegen  0.60/turn              M - ring of resist corrosion
MPRegen  0.13/turn              I - +3 ring of evasion

@: very quick
A: very small, unfitting armour, see invisible, herbivore, speed 3, slow
metabolism 2
a: Wall Jump, Serpent's Lash, Heavenly Storm, Renounce Religion


You were on level 2 of the Lair of Beasts.
You worshipped Wu Jian.
Wu Jian was extremely pleased with you.
You were not hungry.

You visited 3 branches of the dungeon, and saw 16 of its levels.

You collected 580 gold pieces.
You spent 196 gold pieces at shops.

Inventory:

Hand Weapons
 a - a +0 blowgun
 b - a +4 dagger of freezing (weapon)
 m - the +8 dagger "Kur Obla" {flame, rF+ rN+ Stlth+}
   (You bought it in a shop on level 8 of the Dungeon)

   It has been specially enchanted to burn those struck by it, causing extra
   injury to most foes and up to half again as much damage against particularly
   susceptible opponents.
   It protects you from fire.
   It protects you from negative energy.
   It makes you more stealthy.
Missiles
 f - a curare-tipped needle
 u - 29 poisoned needles
Armour
 c - a +2 robe
 d - a +1 cloak (worn)
 G - a +2 robe of cold resistance (worn)
Jewellery
 q - an uncursed ring of protection from magic
 s - an uncursed ring of poison resistance
 y - an uncursed amulet of harm
 B - an amulet of regeneration (around neck)
 F - an uncursed ring of magical power
 I - a +3 ring of evasion (right hand)
 J - a +4 ring of intelligence
 M - a ring of resist corrosion (left hand)
 N - an uncursed ring of protection from magic
Wands
 n - a wand of disintegration (13)
 z - a wand of iceblast (8)
 E - a wand of random effects (39)
 H - a wand of enslavement (5)
 O - a wand of paralysis (19)
Scrolls
 i - 6 scrolls of teleportation
 j - 6 scrolls of remove curse
 p - a scroll of magic mapping
 A - 2 scrolls of amnesia
 C - 2 scrolls of immolation
 K - a scroll of vulnerability
 L - 4 scrolls of identify
 Q - a scroll of random uselessness
 R - a scroll of enchant armour
Potions
 e - a potion of ambrosia {unknown}
 h - 4 potions of curing
 k - 5 potions of haste
 l - 2 potions of might
 o - 4 potions of lignification
 r - 2 potions of flight
 t - a potion of degeneration {unknown}
 v - a potion of brilliance {unknown}
 w - a potion of magic
 x - a potion of cancellation
 S - a potion of invisibility {unknown}
Miscellaneous
 P - a lightning rod (4/4)
Comestibles
 g - 11 rations


   Skills:
 + Level 6.1 Fighting
 * Level 10.9 Short Blades
 + Level 7.7 Throwing
 * Level 14.0 Dodging
 * Level 16.1 Stealth


You had 11 spell levels left.
You didn't know any spells.

Dungeon Overview and Level Annotations

Branches:
Dungeon (13/15)            Temple (1/1) D:5            Lair (2/6) D:11
    Orc (0/2) D:11
  Swamp: Lair:2-4    Shoals: Lair:2-4     Snake: Lair:2-4    Spider: Lair:2-4
 Vaults: D:13-14

Altars:
Ashenzari
Cheibriados
Dithmenos
Elyvilon
Fedhas
Gozag
Hepliaklqana
Kikubaaqudgha
Makhleb
Nemelex Xobeh
Okawaru
Qazlal
Ru
Sif Muna
Trog
Uskayaw
Vehumet
Wu Jian
Xom
Yredelemnul
Zin
The Shining One

Shops:
D:8 (   D:11 (

Portals:
Trove: D:11 (give 5 potions of resistance)

Annotations:
D:7 Tiamon's ghost, novice HOFi
D:11 exclusion: oklob plant
Lair:1 Monsterracer's ghost, journeyman HOWr; zhorgal's ghost, novice NaVM
Lair:2 removed's ghost, journeyman MfAE


Innate Abilities, Weirdness & Mutations

You are very small and have problems with some larger weapons.
You are too small for most types of armour.
You have supernaturally acute eyesight. (SInv)
You are a herbivore.
You cover ground extremely quickly.
You need consume almost no food.


Message History

The black mamba completely misses you.
You have no room to wall jump there; the komodo dragon is in the way.
The black mamba is no longer moving slowly.
The black mamba completely misses you. The black mamba bites you!
The komodo dragon bites you!
* * * LOW HITPOINT WARNING * * *
The black mamba misses you.
You repeatedly attack the black mamba from above.
You closely miss the black mamba.
The black mamba is moderately wounded.
You hit the black mamba but do no damage.
The black mamba is moderately wounded.
You repeatedly attack the komodo dragon from above.
You hit the komodo dragon but do no damage. x2
You hit the komodo dragon. You freeze the komodo dragon.
The komodo dragon is lightly wounded.
The black mamba completely misses you.
The komodo dragon completely misses you.
The black mamba closely misses you. The komodo dragon bites you!
You die...

........W..................#
..............<.P#....##.....
.............#.......## ##.##
#.###.#.#.........#..#
.#...#####.....##.....##
.....# ##.†.......PP..###..
......###.................#
.............##...(.........
............P##...)####.####
##.##.........§§§.#;≈≈# #
#$..........#@l.#≈≈≈#
..............§#S##≈≈≈#
.#...#...##...)..# ####
.=........#P.P...#
...#....#........#
...#....##.##....#
...............#
..##P##...###### .... ..


You could see a komodo dragon and a black mamba.

Vanquished Creatures
  A centaur warrior (D:12)
  3 two-headed ogres
  An ugly thing (D:6)
  2 cyclopes (D:11)
  A merfolk siren (Lair:2)
  4 spiny frogs
  A gargoyle (D:10)
  A rime drake (Lair:1)
  A komodo dragon (Lair:2)
  2 trolls
  A merfolk (Lair:2)
  8 blink frogs (Lair:1)
  A hippogriff (D:10)
  A spriggan (D:9)
  2 wyverns
  A wraith (D:9)
  22 yaks
  2 hungry ghosts
  2 porcupines (Lair:1)
  9 orc warriors
  A water moccasin (Lair:1)
  An eye of draining (D:13)
  2 ice beasts
  5 sky beasts
  A black bear (D:10)
  A phantom (D:9)
  11 centaurs
  5 ogres
  3 crocodiles
  4 big kobolds
  A gnoll sergeant (D:11)
  3 bullfrogs
  A wyvern skeleton (D:13)
  5 scorpions
  5 killer bees
  3 wights (D:7)
  A howler monkey (D:10)
  6 crimson imps
  4 jellies
  A centaur zombie (D:5)
  A quasit (D:11)
  A bullfrog skeleton (D:6)
  4 orc priests
  3 hounds
  8 orc wizards
  A gnoll shaman (D:10)
  3 iguanas
  8 worker ants
  2 killer bee zombies (D:7)
  2 hound zombies (D:6)
  2 hound skeletons
  A worker ant zombie (D:10)
  11 gnolls
  20 adders
  A shadow imp (D:6)
  3 oozes
  2 worms (D:3)
  3 dart slugs
  7 leopard geckos
  49 orcs
  5 giant cockroaches
  5 goblins
  7 hobgoblins
  2 jackals (D:6)
  2 quokkas
  6 bats
  6 frilled lizards
  12 kobolds
  A leopard gecko skeleton (D:5)
  A quokka skeleton (D:6)
  8 rats
  A plant (D:11)
318 creatures vanquished.

Notes
Turn   | Place    | Note
-------+----------+-------------------------------------------
     0 | D:1      | ahub the Spriggan Assassin began the quest for the Orb.
     0 | D:1      | Reached XP level 1. HP: 10/10 MP: 2/2
    16 | D:1      | Reached skill level 6 in Stealth
   636 | D:1      | Reached XP level 2. HP: 6/14 MP: 3/3
  1436 | D:2      | Reached XP level 3. HP: 2/18 MP: 4/4
  1501 | D:2      | Reached skill level 7 in Stealth
  1772 | D:2      | Reached XP level 4. HP: 18/23 MP: 5/5
  2717 | D:3      | Reached XP level 5. HP: 26/26 MP: 6/6
  2756 | D:3      | Found a hazy altar of Hepliaklqana.
  3503 | D:3      | Reached skill level 8 in Stealth
  3707 | D:4      | Noticed an ogre
  3717 | D:4      | Killed an ogre
  3717 | D:4      | Reached XP level 6. HP: 30/30 MP: 7/7
  4029 | D:4      | Reached skill level 5 in Dodging
  4496 | D:4      | Found a blossoming altar of Fedhas.
  4600 | D:4      | Reached XP level 7. HP: 35/35 MP: 8/8
  4611 | D:5      | Entered Level 5 of the Dungeon
  4613 | D:5      | Reached skill level 9 in Stealth
  5085 | D:5      | Found a staircase to the Ecumenical Temple.
  5100 | Temple   | Entered the Ecumenical Temple
  5216 | Temple   | Became a worshipper of the Wu Jian Council
  5598 | D:5      | Reached skill level 10 in Stealth
  5598 | D:5      | Reached XP level 8. HP: 32/40 MP: 9/9
  5840 | D:6      | Noticed a red ugly thing
  5844 | D:6      | Reached skill level 5 in Short Blades
  5848 | D:6      | Killed a red ugly thing
  5946 | D:6      | Reached skill level 11 in Stealth
  6344 | D:6      | Reached XP level 9. HP: 28/45 MP: 10/10
  6643 | D:7      | Reached * piety under Wu Jian
  7156 | D:7      | Reached skill level 5 in Throwing
  7682 | D:7      | Noticed Tiamon's ghost (novice HOFi)
  8200 | D:8      | Noticed a two-headed ogre
  8313 | D:8      | Killed a two-headed ogre
  8313 | D:8      | Reached skill level 10 in Dodging
  8313 | D:8      | Reached skill level 12 in Stealth
  8436 | D:8      | Found Fili Moe's Antique Weapon Boutique.
  8444 | D:8      | Bought a bone dagger for 196 gold pieces
  8444 | D:8      | Identified the +8 dagger "Kur Obla" {flame, rF+ rN+ Stlth+} (You bought it in a shop on level 8 of the Dungeon)
  8728 | D:9      | Reached XP level 10. HP: 37/51 MP: 11/11
  8840 | D:9      | Reached skill level 13 in Stealth
  8914 | D:9      | Reached ** piety under Wu Jian
  9340 | D:9      | Noticed a two-headed ogre
  9346 | D:9      | Killed a two-headed ogre
  9448 | D:10     | Entered Level 10 of the Dungeon
  9500 | D:10     | Reached skill level 5 in Fighting
  9658 | D:10     | Reached skill level 14 in Stealth
 10020 | D:10     | Reached XP level 11. HP: 42/56 MP: 12/12
 10217 | D:10     | Reached *** piety under Wu Jian
 11047 | D:11     | Found Maufuh's Weapon Shoppe.
 11129 | D:11     | Found a staircase to the Lair.
 11131 | D:11     | Noticed an oklob plant
 11290 | D:11     | Found a portal to a secret trove of treasure.
 11343 | D:11     | Found a staircase to the Orcish Mines.
 11630 | D:12     | Noticed a centaur warrior
 11637 | D:12     | Killed a centaur warrior
 11637 | D:12     | Reached skill level 10 in Short Blades
 11637 | D:12     | Reached skill level 15 in Stealth
 11660 | D:12     | Reached **** piety under Wu Jian
 12053 | D:12     | Noticed a two-headed ogre
 12065 | D:12     | Killed a two-headed ogre
 12466 | Lair:1   | Entered Level 1 of the Lair of Beasts
 12547 | Lair:1   | Noticed zhorgal's ghost (novice NaVM)
 12626 | Lair:1   | HP: 2/56 [poisoned by a spiny frog]
 12654 | Lair:1   | Reached XP level 12. HP: 31/61 MP: 13/13
 13212 | Lair:1   | Noticed Monsterracer's ghost (journeyman HOWr)
 13346 | Lair:2   | Noticed removed's ghost (journeyman MfAE)
 13351 | Lair:2   | Noticed a four-headed hydra
 13406 | Lair:2   | Reached skill level 16 in Stealth
 13523 | Lair:2   | Reached ***** piety under Wu Jian
 13527 | Lair:2   | Slain by a komodo dragon

Skill      XL: |  1  2  3  4  5  6  7  8  9 10 11 12 |
---------------+-------------------------------------+-----
Stealth        | 6 7 8 10 11 12 14 15 16 | 16.1
Dodging        | 2 3 4 5 6 8 10 12 13 14 | 14.0
Fighting       | 2 3 4 5 6 |  6.1
Throwing       | 3 4 5 6 7 |  7.7
Short Blades   | 3 4 5 7 9 10 | 10.9

Action                   |  1- 3 |  4- 6 |  7- 9 | 10-12 || total
-------------------------+-------+-------+-------+-------++-------
Melee: Dagger            |    88 |   159 |   327 |   991 ||  1565
       Blowgun           |       |       |     1 |       ||     1
 Fire: Blowgun           |    10 |    23 |    25 |    19 ||    77
Invok: Lunge             |       |       |    27 |    54 ||    81
       Whirlwind         |       |       |    14 |   127 ||   141
       Wall Jump         |       |       |       |    57 ||    57
       Serpent's Lash    |       |       |       |     1 ||     1
  Use: Potion            |     3 |       |       |     5 ||     8
       Scroll            |       |     8 |    10 |     8 ||    26
 Stab: Sleeping          |    11 |    23 |    23 |    19 ||    76
       Distracted        |     1 |       |     2 |     4 ||     7
       Confused          |       |       |       |     1 ||     1
  Eat: Ration            |       |     1 |     2 |     4 ||     7
Armor: Robe              |     7 |     8 |     9 |    33 ||    57
Dodge: Dodged            |    61 |   106 |   244 |   621 ||  1032
